 Dungeon Crawl Stone Soup version 0.30.0-17-ge0270778cf (webtiles) character file.

Game seed: 17369160627095275785

308 Edyrem the Shield-Bearer (level 6, -4/49 HPs)
             Began as a Formicid Fighter on May 23, 2023.
             Was an Initiate of Okawaru.
             Slain by a gnoll
             ... wielding a +0 halberd
              (5 damage)
             ... on level 4 of the Dungeon.
             The game lasted 00:05:34 (2687 turns).

Edyrem the Shield-Bearer (Formicid Fighter)         Turns: 2687, Time: 00:05:35

Health: -4/49      AC:  9    Str: 23    XL:     6   Next: 68%
Magic:  6/6        EV:  8    Int:  7    God:    Okawaru [......]
Gold:   197        SH:  5    Dex: 13    Spells: 5/5 levels left

rFire   . . .        s - +0 halberd
rCold   . . .        c - +0 buckler
rNeg    . . .        u - +0 chain mail
rPois   .            (helmet unavailable)
rElec   .            (no cloak)
rCorr   .            (no gloves)
SInv    +            (no boots)
Will    .....        (no amulet) Stlth
                     (no ring)
HPRegen 0.28/turn    (no ring)
MPRegen 0.10/turn

%: no passive effects
@: no status effects
A: permanent stasis, dig shafts and tunnels, antennae 3, four strong arms
a: Dig, Shaft Self, Renounce Religion


You were on level 4 of the Dungeon.
You worshipped Okawaru.
Okawaru was noncommittal.
You visited 1 branch of the dungeon, and saw 4 of its levels.

You collected 197 gold pieces.

Inventory:

Hand Weapons
 a - a +0 trident
 q - a +3 dagger
 s - a +0 halberd (weapon)
 v - a +0 war axe
Missiles
 t - 2 boomerangs
Armour
 b - a +0 scale mail
 c - a +0 buckler (worn)
 u - a +0 chain mail (worn)
Magical Staves
 n - a staff of poison
Scrolls
 g - a scroll of immolation {unknown}
 h - a scroll of teleportation {unknown}
 i - a scroll of butterflies {unknown}
 j - 2 scrolls of vulnerability {unknown}
 k - a scroll of silence {unknown}
 o - a scroll of magic mapping {unknown}
 p - a scroll of amnesia {unknown}
 r - a scroll of identify {unknown}
Potions
 d - 4 potions of might
 e - 2 potions of attraction {unknown}
 f - a potion of heal wounds {unknown}
 l - 2 potions of magic {unknown}
 m - 2 potions of cancellation
 w - a potion of invisibility {unknown}


   Skills:
 + Level 4.7 Fighting
 + Level 3.6 Polearms
 + Level 4.7 Armour
 + Level 5.7 Shields


You had 5 spell levels left.
You didn't know any spells.
Your spell library contained the following spells:

 Spells                   Type           Power      Damage    Failure   Level
 Apportation              Tloc           0%         N/A       97%         1
 Ensorcelled Hibernation  Hex/Ice        0%         N/A       99%         2
 Spider Form              Tmut/Pois      0%         N/A       100%        3
 Anguish                  Hex/Necr       0%         N/A       100%        4
 Alistair's Intoxication  Tmut/Pois      0%         N/A       100%        5


Dungeon Overview and Level Annotations

Branches:
Dungeon (4/15)
 Temple: D:4-7

Altars:
Gozag
Okawaru
Zin


Innate Abilities, Weirdness & Mutations

You cannot be hasted, slowed, berserked, paralysed or teleported.
You can dig through walls and to a lower floor.
You have a pair of large antennae on your head. (SInv)
Your four strong arms can wield two-handed weapons with a shield.


Message History

The gnoll shouts!
You puncture the gnoll!
You kill the gnoll!
Okawaru accepts your kill.
Reach: s) +0 halberd
Press: ? - help, Dir - move target, f - you
Okay, then.
Reach: s) +0 halberd
Press: ? - help, Dir - move target, f - gnoll
Aim: a gnoll, wielding a +0 whip (about 44% to evade your +0 halberd)
You reach to attack!
You closely miss the gnoll. The gnoll hits you but does no damage.
Reach: s) +0 halberd
Press: ? - help, Dir - move target, p - gnoll You reach to attack!
You attack empty space.
The gnoll hits you but does no damage.
You hit the gnoll.
The gnoll is moderately wounded.
The gnoll hits you from afar with a +0 halberd!
You block the gnoll's attack.
You hit the gnoll.
The gnoll is almost dead.
The gnoll barely misses you. The gnoll hits you with a +0 whip.
The gnoll hits you with a +0 whip! The gnoll closely misses you.
Reach: s) +0 halberd
Press: ? - help, Dir - move target, f - gnoll
Aim: a gnoll, wielding a +0 halberd (about 44% to evade your +0 halberd)
You reach to attack!
You barely miss the gnoll.
The gnoll hits you from afar with a +0 halberd!
* * * LOW HITPOINT WARNING * * *
The gnoll hits you with a +0 whip.
* * * LOW HITPOINT WARNING * * *
You closely miss the gnoll.
The gnoll is almost dead.
The gnoll hits you from afar with a +0 halberd.
* * * LOW HITPOINT WARNING * * *
You block the gnoll's attack.
It was a potion of cancellation.
You feel magically purged.
The gnoll hits you from afar with a +0 halberd.
You die...

.. #........ .
#.......
#.#......
.###.#.....
..........
.......# #....#
. #.#†#
...###.#@#######
#......g......#
#####.g)#######
...$...>.#
######.#.#####
#..........#
#.........<#
#..........#
....######)##


You could see 2 gnolls.

Vanquished Creatures
  A black bear (D:4)
  An orc priest (D:3)
  A sleepcap (D:4)
  Jessica (D:2)
  An orc wizard (D:3)
  3 adders
  A gnoll (D:4)
  A white imp (D:3)
  An ufetubus (D:4)
  2 worms (D:2)
  2 dart slugs (D:1)
  3 orcs (D:3)
  5 endoplasms
  A giant cockroach (D:1)
  7 hobgoblins
  A quokka (D:3)
  5 ball pythons
  2 bats
  8 frilled lizards
  4 goblins
  6 kobolds
  3 rats
60 creatures vanquished.

Notes
Turn   | Place    | Note
-------+----------+-------------------------------------------
     0 | D:1      | Edyrem the Formicid Fighter began the quest for the Orb.
     0 | D:1      | Reached XP level 1. HP: 18/18 MP: 1/1
   156 | D:1      | Reached XP level 2. HP: 20/24 MP: 2/2
   447 | D:1      | Reached XP level 3. HP: 29/29 MP: 3/3
   755 | D:2      | Noticed Jessica
   759 | D:2      | Killed Jessica
   760 | D:2      | Reached XP level 4. HP: 25/37 MP: 4/4
   846 | D:2      | Found an iron altar of Okawaru.
   854 | D:2      | Became a worshipper of Warmaster Okawaru
  1306 | D:2      | Found a faded altar of an unknown god.
  1872 | D:3      | Reached skill level 5 in Shields
  1872 | D:3      | Reached XP level 5. HP: 17/42 MP: 5/5
  2109 | D:3      | Found a glowing silver altar of Zin.
  2111 | D:3      | Found an opulent altar of Gozag.
  2628 | D:4      | Reached XP level 6. HP: 49/49 MP: 6/6
  2662 | D:4      | Noticed a black bear
  2670 | D:4      | Killed a black bear
  2686 | D:4      | HP: 1/49 [gnoll/+0 halberd (5)]
  2687 | D:4      | Slain by a gnoll

Illustrated notes

Levels and vault maps discovered:
D:1:      nicolae_arrival_somewhat_less_tricky_arrival, layout_basic,
          st_stairs_8, minmay_misc_feat_x
D:2:      layout_basic, basic_altar, ebering_ecumenical_altar_abandoned,
          serial_corexii_hall, chequers_hall_statues_corner_a,
          corexii_hall_statues_i, uniq_jessica
D:3:      layout_loops_cross, grunt_temple_overflow_gold_and_silver
D:4:      layout_rooms, roderic_batcave, minmay_statues_item

Skill      XL: |  1  2  3  4 |
---------------+-------------+-----
Fighting       | 4 |  4.7
Armour         | 4 |  4.7
Polearms       | 3 |  3.6
Shields        | 5 |  5.7

Action                     |  1- 3 |  4- 6 || total
---------------------------+-------+-------++-------
  Melee: Trident           |    56 |    57 ||   113
         Halberd           |       |    76 ||    76
    Use: Potion            |       |     1 ||     1
 Armour: Scale mail        |    12 |    43 ||    55
         Chain mail        |       |    29 ||    29
  Dodge: Dodged            |     9 |    47 ||    56
  Block: Buckler           |     8 |    40 ||    48
